 Dungeon Crawl Stone Soup version 0.27-a0-978-g2aa4ecdaef (webtiles) character file.

Game seed: 18113075571031061168

345 tardwrangler69 the Digger (level 6, -2/45 HPs)
             Began as a Draconian Earth Elementalist on Apr 14, 2021.
             Slain by Pikel
             ... wielding a +1 whip of freezing
              (4 damage)
             ... on level 4 of the Dungeon.
             The game lasted 00:04:05 (4371 turns).

tardwrangler69 the Digger (DrEE)                    Turns: 4371, Time: 00:04:05

Health: -2/45      AC:  6    Str: 10    XL:     6   Next: 32%
Magic:  6/11       EV: 12    Int: 29    God:
Gold:   119        SH:  0    Dex: 12    Spells: 6/12 levels left

rFire    . . .     SeeInvis .   r - +3 short sword (elec)
rCold    . . .     Faith    .   (no shield)
rNeg     . . .     Spirit   .   (armour unavailable)
rPois    .         Reflect  .   (helmet restricted)
rElec    .         Harm     .   (no cloak)
rCorr    .         Rampage  .   (no gloves)
Will     .....                  (no boots)
Stlth    ++........             (no amulet)
HPRegen  0.15/turn              k - +6 ring of intelligence
MPRegen  0.12/turn              n - +6 ring of intelligence

@: no status effects
A: AC +6, unfitting armour, cold-blooded
a: no special abilities


You were on level 4 of the Dungeon.
You visited 1 branch of the dungeon, and saw 4 of its levels.

You collected 119 gold pieces.

Inventory:

Hand Weapons
 r - a +3 short sword of electrocution (weapon)
Missiles
 b - 32 stones
Jewellery
 d - a +6 ring of dexterity
 k - a +6 ring of intelligence (left hand)
 m - a +4 ring of slaying
 n - a +6 ring of intelligence (right hand)
Wands
 o - a wand of acid (8)
Scrolls
 a - a scroll of enchant armour {unknown}
 c - a scroll of magic mapping {unknown}
 e - a scroll of amnesia {unknown}
 g - a scroll of summoning {unknown}
 h - a scroll of fog {unknown}
 t - a scroll of immolation {unknown}
 u - a scroll of fear {unknown}
 x - a scroll of identify {unknown}
 y - a scroll of teleportation {unknown}
Potions
 f - a potion of magic {unknown}
 i - a potion of lignification {unknown}
 j - 2 potions of might {unknown}
 l - a potion of resistance {unknown}
 p - a potion of curing {unknown}
 q - 2 potions of mutation {unknown}
 s - a potion of haste {unknown}
 v - a potion of cancellation {unknown}
 w - a potion of berserk rage {unknown}


   Skills:
 - Level 1.7 Dodging
 - Level 1.7 Stealth
 + Level 3.8 Spellcasting
 - Level 1.0 Transmutations
 * Level 6.1 Earth Magic


You had 6 spell levels left.
You knew the following spells:

 Your Spells              Type           Power      Damage    Failure   Level
a - Sandblast             Erth           82%        2d17      1%          1
b - Stone Arrow           Conj/Erth      46%        3d9       6%          3
c - Passwall              Tmut/Erth      21%        N/A       2%          2

Your spell library contained the following spells:

 Spells                   Type           Power      Damage    Failure   Level
 Magic Dart               Conj           20%        1d4       7%          1
 Blink                    Tloc           N/A        N/A       11%         2
 Call Imp                 Summ           5%         N/A       11%         2
 Slow                     Hex            5%         N/A       11%         2
 Petrify                  Tmut/Erth      26%        N/A       16%         4
 Lee's Rapid Deconstruct  Erth           20%        3d13*     16%         5
 Conjure Flame            Conj/Fire      5%         6-21      22%         3
 Mephitic Cloud           Conj/Pois/Air  5%         N/A       22%         3


Dungeon Overview and Level Annotations

Branches:
Dungeon (4/15)
 Temple: D:4-7

Altars:
Ru

Shops:
D:1 :

Annotations:
D:4 Pikel


Innate Abilities, Weirdness & Mutations

Your plain brown scales are hard. (AC +6)
You cannot fit into any form of body armour.
You are cold-blooded and may be slowed by cold attacks.


Message History

Confirm with . or Enter, or press ? or * to list all spells.
Aiming: Sandblast (safe; 1% risk of failure)
Press: ? - help, Shift-Dir - straight line, f/p - Pikel
Aim: Pikel, wielding a +1 whip of freezing and wearing a +0 robe (lightly wounded, 21% to evade)
The blast of sand hits Pikel.
Pikel is lightly wounded.
Pikel hits you with a +1 whip of freezing.
You feel as though you will be slow longer.
Pikel freezes you.
Casting: Sandblast (safe; 1% risk of failure)
Confirm with . or Enter, or press ? or * to list all spells.
Aiming: Sandblast (safe; 1% risk of failure)
Press: ? - help, Shift-Dir - straight line, f/p - Pikel
Aim: Pikel, wielding a +1 whip of freezing and wearing a +0 robe (lightly wounded, 21% to evade)
The blast of sand hits Pikel.
Pikel is moderately wounded.
Pikel misses you.
Pikel hits you with a +1 whip of freezing!
Pikel freezes you.
Casting: Sandblast (safe; 1% risk of failure)
Confirm with . or Enter, or press ? or * to list all spells.
Aiming: Sandblast (safe; 1% risk of failure)
Press: ? - help, Shift-Dir - straight line, f/p - Pikel
Aim: Pikel, wielding a +1 whip of freezing and wearing a +0 robe (moderately wounded, 21% to evade)
The blast of sand hits Pikel.
Pikel is heavily wounded.
A lemure comes into view.
Pikel closely misses you.
Casting: Sandblast (safe; 1% risk of failure)
Confirm with . or Enter, or press ? or * to list all spells.
Aiming: Sandblast (safe; 1% risk of failure)
Press: ? - help, Shift-Dir - straight line, f/p - Pikel
Aim: Pikel, wielding a +1 whip of freezing and wearing a +0 robe (heavily wounded, 21% to evade)
The blast of sand hits Pikel but does no damage.
Pikel is heavily wounded.
You feel yourself speed up.
Pikel hits you with a +1 whip of freezing!
* * * LOW HITPOINT WARNING * * *
Pikel freezes you.
You die...

### ..# #.#
#.##########
#@..†.....#
#K########.#
#5# #.# 55#
#.## .##
#..# # ##.#
#.# ##+##
#.# ##...##
#.#


You could see Pikel and 3 lemures.

Vanquished Creatures
  An ogre (D:3)
  A scorpion (D:2)
  Ijyb (D:3)
  An iguana (D:4)
  An orc wizard (D:3)
  A hound skeleton (D:4)
  4 adders
  4 worms (D:2)
  3 orcs (D:3)
  5 ball pythons
  6 endoplasms
  3 giant cockroaches
  3 goblins
  4 hobgoblins
  3 jackals (D:1)
  4 quokkas
  4 bats
  A frilled lizard (D:1)
  6 kobolds
  7 rats
63 creatures vanquished.

Notes
Turn   | Place    | Note
-------+----------+-------------------------------------------
     0 | D:1      | tardwrangler69 the Draconian Earth Elementalist began the
                  | quest for the Orb.
     0 | D:1      | Reached XP level 1. HP: 14/14 MP: 3/3
    79 | D:1      | Found Abrupp's Book Boutique.
   717 | D:1      | Reached XP level 2. HP: 18/20 MP: 5/5
  2338 | D:2      | Reached skill level 4 in Earth Magic
  2338 | D:2      | Reached XP level 3. HP: 19/26 MP: 6/6
  2515 | D:2      | Noticed a scorpion
  2581 | D:2      | Killed a scorpion
  2582 | D:2      | Reached XP level 4. HP: 23/33 MP: 0/8
  3080 | D:2      | Reached skill level 5 in Earth Magic
  3372 | D:2      | Reached XP level 5. HP: 38/38 MP: 9/9
  3436 | D:2      | Learned a level 3 spell: Stone Arrow
  3439 | D:2      | Learned a level 2 spell: Passwall
  3565 | D:3      | Found a sacrificial altar of Ru.
  3568 | D:3      | Noticed Ijyb
  3579 | D:3      | Killed Ijyb
  3887 | D:3      | Noticed an ogre
  3894 | D:3      | Killed an ogre
  3895 | D:3      | Reached XP level 6. HP: 22/45 MP: 7/11
  4251 | D:4      | Reached skill level 6 in Earth Magic
  4359 | D:4      | Noticed Pikel
  4371 | D:4      | HP: 2/45 [Pikel/+1 whip of freezing (13)]
  4371 | D:4      | Slain by Pikel

Illustrated notes

Levels and vault maps discovered:
D:1:      sevenhm_arrival_forest_fort_large_2, layout_loops_ring, serial_shops,
          nicolae_shop_window_shopping, hangedman_abyss_or_decor_stabs
D:2:      layout_basic
D:3:      layout_rooms, nicolae_overflow_crystal_walls, uniq_ijyb
D:4:      layout_loops_corners, nicolae_ashenzari_panopticon,
          okawaru_ov_weapons_minmay, minmay_manual_mess, uniq_robin,
          uniq_eustachio, uniq_pikel

Skill      XL: |  1  2  3  4  5  6 |
---------------+-------------------+-----
Earth Magic    | 4 5 6 |  6.1
Spellcasting   | 3 |  3.8
Dodging        | |  1.7
Stealth        | |  1.7
Transmutations | |  1.0

Action                   |  1- 3 |  4- 6 || total
-------------------------+-------+-------++-------
Melee: Short sword       |    24 |    27 ||    51
       Unarmed           |     5 |       ||     5
       Whip              |    74 |    46 ||   120
       Tailslap          |    10 |     7 ||    17
 Cast: Sandblast         |    19 |    24 ||    43
 Stab: Sleeping          |     2 |     4 ||     6
Armor: Skin              |    29 |    24 ||    53
Dodge: Dodged            |    79 |    44 ||   123

Table legend: (Time is in decaauts)
 A = Elapsed time spent in this place.
 B = Non-inter-level travel time spent in this place.
 C = Inter-level travel time spent in this place.
 D = Time resting spent in this place.
 E = Time spent auto-exploring this place.
 F = Levels seen in this place.
 G = Mean time per level.
                   A        B        C        D        E       F      G
               +--------+--------+--------+--------+--------+-----+--------+
         Total |   4386 |   4291 |     95 |      4 |   3753 |   4 | 1096.5 |
       Dungeon |   4386 |   4291 |     95 |      4 |   3753 |   4 | 1096.5 |
               +--------+--------+--------+--------+--------+-----+--------+

Top non-repeatable levels by time:
     D:1: 1915 daAuts
     D:2: 1560 daAuts
     D:3: 718 daAuts
     D:4: 191 daAuts
